Seattle Thunderbirds vs Philadelphia Phantoms

Created - 1 octobre 2019 at 18:21

Simulating a Pre-Season

Goals
1 2 3 T
Seattle Thunderbirds 0 3 0 3
Philadelphia Phantoms 1 1 3 5
Shots
1 2 3 T
Seattle Thunderbirds 11 13 11 35
Philadelphia Phantoms 11 6 11 28

1st period

1. Philadelphia Phantoms , Joshua Ho-Sang 12 (Dakota Mermis 4) at 19:06

Penalties :
Logan Brown (THU) for Tripping (Minor) at 8:35, Emil Johansson (PHA) for Roughing (Minor) at 13:57

2nd period

2. Seattle Thunderbirds , Greg Carey 3 (T.J. Tynan 7) at 0:34
3. Philadelphia Phantoms , German Rubtsov 3 (Zac Dalpe 13, Dennis Cholowski 4) at 2:57
4. Seattle Thunderbirds , Brooks Macek 3 (Peter Cehlarik 1, Sam Carrick 5) at 14:39
5. Seattle Thunderbirds , Peter Cehlarik 4 (Sam Carrick 6) at 19:19

Penalties :
A.J. Greer (PHA) for Boarding (Minor) at 11:16

3rd period

6. Philadelphia Phantoms , Warren Foegele 4 (Martin Necas 11, Max Veronneau 3) at 0:36
7. Philadelphia Phantoms , Zac Dalpe 6 (Joshua Ho-Sang 8) at 18:08 (PP)
8. Philadelphia Phantoms , Zac Dalpe 7 (Joshua Ho-Sang 9, Dennis Cholowski 5) at 19:49 (Empty Net)

Penalties :
Jake Bean (PHA) for Fighting (Major) at 10:44, Kevin Porter (THU) for Fighting (Major) at 10:44, T.J. Tynan (THU) for Holding Stick (Minor) at 18:04

Goalie Stats

Mitch Gillam (THU), 23 saves from 27 shots - (0,852), L, 4-3-1, 59:15 minutes
Oscar Dansk (PHA), 32 saves from 35 shots - (0,914), W, 5-2-0, 60:00 minutes

Players Stats for Seattle Thunderbirds

Player Name              G  A  P  +/- PIM S  H  SB GA TA FO     MP     PP MP  PK MP  
------------------------------------------------------------------------------------
Andrew Campbell          0  0  0   0  0   0  0  0  0  0  0/0     7:08   0:00   0:00 
Brett Sutter             0  0  0   0  0   3  1  1  0  1  0/0     7:35   0:00   0:29 
Brooks Macek             1  0  1   1  0   2  0  0  0  1  0/1    13:51   0:00   0:39 
Emil Pettersson          0  0  0   0  0   0  0  0  0  0  2/3     5:17   0:03   0:00 
Greg Carey               1  0  1   0  0   4  0  0  4  1  7/13   19:05   1:37   0:50 
Jacob MacDonald          0  0  0   0  0   0  1  0  0  1  0/0    24:11   2:11   1:01 
Joey LaLeggia            0  0  0   0  0   1  0  0  0  0  0/0    10:33   0:00   0:00 
Josh Leivo               0  0  0  -2  0   4  1  1  2  0  0/1    20:22   2:21   0:32 
Kevin Porter             0  0  0  -2  5   1  0  0  0  1  14/22  21:53   2:18   0:57 
Logan Brown              0  0  0   0  2   3  1  1  1  1  2/3     7:21   0:00   0:00 
Logan Stanley            0  0  0   0  0   0  1  1  0  1  0/0    10:33   0:00   0:00 
Matt Irwin               0  0  0  -1  0   1  1  1  0  1  0/0    18:08   1:47   1:02 
Matt Read                0  0  0   0  0   3  2  0  1  0  0/0    18:15   1:37   0:00 
Matt Tennyson            0  0  0  -1  0   0  0  0  0  0  0/0    18:08   1:47   1:02 
Peter Cehlarik           1  1  2   1  0   3  0  1  1  0  0/0    12:46   0:00   0:00 
Sam Carrick              0  2  2   1  0   4  0  0  0  1  3/5    13:18   0:00   0:32 
Stefan Noesen            0  0  0  -2  0   2  3  1  2  4  2/2    19:57   2:21   0:07 
T.J. Tynan               0  1  1   0  2   2  3  0  1  0  0/1    18:14   1:37   0:00 
Vincent LoVerde          0  0  0   0  0   0  0  0  0  0  0/0     7:08   0:00   0:00 
Yannick Weber            0  0  0   0  0   2  0  1  0  1  0/0    24:11   2:11   1:01 

Players Stats for Philadelphia Phantoms

Player Name              G  A  P  +/- PIM S  H  SB GA TA FO     MP     PP MP  PK MP  
------------------------------------------------------------------------------------
A.J. Greer               0  0  0  -2  2   2  1  0  0  1  0/0    12:45   0:16   0:00 
Dakota Mermis            0  1  1   1  0   0  0  0  0  2  0/0    19:17   0:43   1:09 
Dale Weise               0  0  0   2  0   0  0  1  0  2  0/0    20:57   0:40   2:17 
Dean Kukan               0  0  0   0  0   0  0  1  0  0  0/0    13:47   0:00   0:00 
Dennis Cholowski         0  2  2   0  0   1  2  5  0  2  0/0    27:57   1:20   2:49 
Dennis Yan               0  0  0   0  0   0  0  0  0  0  0/0     4:08   0:41   0:38 
Dryden Hunt              0  0  0  -2  0   2  1  1  0  0  0/0    12:26   0:00   0:00 
Emil Johansson           0  0  0   0  2   1  1  0  0  1  0/0    13:32   0:00   0:00 
German Rubtsov           1  0  1   1  0   2  1  0  0  1  2/2     6:33   0:00   0:00 
Jake Bean                0  0  0   1  5   0  0  2  0  0  0/0    17:38   0:43   1:09 
Joshua Ho-Sang           1  2  3   2  0   5  0  0  3  1  0/3    20:04   0:51   1:03 
Juuso Valimaki           0  0  0   0  0   3  3  1  1  0  0/0    27:57   1:20   2:49 
Lias Andersson           0  0  0  -2  0   1  1  0  3  0  1/7    13:21   0:00   0:38 
Martin Necas             0  1  1   0  0   0  3  1  1  1  6/12   18:43   0:44   1:03 
Max Veronneau            0  1  1   0  0   2  0  0  1  0  0/1    17:30   0:44   0:00 
Ryan Kuffner             0  0  0   0  0   0  0  0  0  0  0/0     0:38   0:38   0:00 
Ty Lewis                 0  0  0   1  0   0  1  0  1  0  0/0     6:33   0:00   0:00 
Warren Foegele           1  0  1   0  0   3  4  0  0  0  0/0    17:30   0:44   0:00 
Zac Dalpe                2  1  3   3  0   6  1  0  4  1  12/26  24:43   0:51   2:17 

3 Stars

1 - Zac Dalpe (PHA)
2 - Joshua Ho-Sang (PHA)
3 - Dennis Cholowski (PHA)

Power Play

Seattle Thunderbirds - 0 on 2 Attempt(s) - 0,00%
Philadelphia Phantoms - 1 on 2 Attempt(s) - 50,00%

Penalty Kill

Seattle Thunderbirds - 1 on 2 Attempt(s) - 50,00% - Score 0 goal in Penalty Kill
Philadelphia Phantoms - 2 on 2 Attempt(s) - 100,00% - Score 0 goal in Penalty Kill

Team Stat

Seattle Thunderbirds - Hits : 14 - Faceoff Wins : 30 - Blocked Shots : 8 - Penalty Minutes : 9
Philadelphia Phantoms - Hits : 19 - Faceoff Wins : 21 - Blocked Shots : 12 - Penalty Minutes : 9

Official

Referees : Kelly Sutherland and Tom Chmielewski
Linesman : Andy McElman and Brian Murphy

Game Notes

Jake Bean and Kevin Porter fight to a draw at 10:44 of 3rd period
Zac Dalpe has scored in a empty net!

Seattle Thunderbirds

5 vs 5 Forward 
   Center                   Left Wing                Right Wing               Time % Phy DF OF 
 1 Kevin Porter             Josh Leivo               Stefan Noesen            40     1   2  2  
 2 Greg Carey               Matt Read                T.J. Tynan               30     1   2  2  
 3 Sam Carrick              Peter Cehlarik           Brooks Macek             20     1   2  2  
 4 Logan Brown              Brett Sutter             Kevin Porter             10     1   2  2  

5 vs 5 Defense 
   Defense                  Defense                                           Time % Phy DF OF 
 1 Jacob MacDonald          Yannick Weber                                     40     1   2  2  
 2 Matt Irwin               Matt Tennyson                                     30     1   2  2  
 3 Logan Stanley            Joey LaLeggia                                     20     1   2  2  
 4 Andrew Campbell          Vincent LoVerde                                   10     1   2  2  

PowerPlay Forward 
   Center                   Left Wing                Right Wing               Time % Phy DF OF 
 1 Kevin Porter             Josh Leivo               Stefan Noesen            60     1   2  2  
 2 Greg Carey               Matt Read                T.J. Tynan               40     1   2  2  

PowerPlay Defense
   Defense                  Defense                                           Time % Phy DF OF 
 1 Jacob MacDonald          Yannick Weber                                     60     1   2  2  
 2 Matt Irwin               Matt Tennyson                                     40     1   2  2  

Penalty Kill 4 Players Forward 
   Center                   Wing                     Time % Phy DF OF 
 1 Kevin Porter             Greg Carey               60     1   2  2  
 2 Sam Carrick              Josh Leivo               40     1   2  2  

Penalty Kill 4 Players Defense
   Defense                  Defense                  Time % Phy DF OF 
 1 Jacob MacDonald          Yannick Weber            60     1   2  2  
 2 Matt Irwin               Matt Tennyson            40     1   2  2  

Penalty Kill - 3 Players Forward 
   Forward                                           Time % Phy DF OF 
 1 Kevin Porter                                      60     1   2  2  
 2 Greg Carey                                        40     1   2  2  

Penalty Kill - 3 Players Defense
   Defense                  Defense                  Time % Phy DF OF 
 1 Jacob MacDonald          Yannick Weber            60     1   2  2  
 2 Matt Irwin               Matt Tennyson            40     1   2  2  

4 vs 4 Forward 
   Center                   Wing                     Time % Phy DF OF 
 1 Kevin Porter             Greg Carey               60     1   2  2  
 2 Sam Carrick              Josh Leivo               40     1   2  2  

4 vs 4 Defense
   Defense                  Defense                  Time % Phy DF OF 
 1 Jacob MacDonald          Yannick Weber            60     1   2  2  
 2 Matt Irwin               Matt Tennyson            40     1   2  2  

Last Minutes Offensive
   Center                   Left Wing                Right Wing               Defense                  Defense                  
   Kevin Porter             Josh Leivo               Stefan Noesen            Jacob MacDonald          Yannick Weber            

Last Minutes Defensive
   Center                   Left Wing                Right Wing               Defense                  Defense                  
   Kevin Porter             Josh Leivo               Stefan Noesen            Jacob MacDonald          Yannick Weber            

Goaltenders
Starting : Mitch Gillam             
Backup : John Muse                

Extra Forwards
Normal : Emil Pettersson, Logan Brown, Brooks Macek - PP : Emil Pettersson, Logan Brown - PK : Brooks Macek
Extra Defensemen
Normal : Logan Stanley, Joey LaLeggia, Andrew Campbell - PP : Logan Stanley - PK : Joey LaLeggia, Andrew Campbell
Penalty Shots
Kevin Porter, Greg Carey, Sam Carrick, Josh Leivo, Yannick Weber

Scratches
Rob O'Gara (Healthy), Rourke Chartier (Healthy), Landon Ferraro (Healthy), Hampus Gustafsson (Healthy), Zane McIntyre (Healthy)
Jake Paterson (Healthy)

Philadelphia Phantoms

5 vs 5 Forward 
   Center                   Left Wing                Right Wing               Time % Phy DF OF 
 1 Zac Dalpe                Joshua Ho-Sang           Dale Weise               40     1   2  2  
 2 Martin Necas             Warren Foegele           Max Veronneau            30     1   2  2  
 3 Lias Andersson           Dryden Hunt              A.J. Greer               20     1   2  2  
 4 German Rubtsov           Ty Lewis                 Zac Dalpe                10     1   2  2  

5 vs 5 Defense 
   Defense                  Defense                                           Time % Phy DF OF 
 1 Dennis Cholowski         Juuso Valimaki                                    40     1   2  2  
 2 Jake Bean                Dakota Mermis                                     30     1   2  2  
 3 Dean Kukan               Emil Johansson                                    20     1   2  2  
 4 Dennis Cholowski         Juuso Valimaki                                    10     1   2  2  

PowerPlay Forward 
   Center                   Left Wing                Right Wing               Time % Phy DF OF 
 1 Zac Dalpe                Joshua Ho-Sang           Dale Weise               60     1   2  2  
 2 Martin Necas             Warren Foegele           Max Veronneau            40     1   2  2  

PowerPlay Defense
   Defense                  Defense                                           Time % Phy DF OF 
 1 Dennis Cholowski         Juuso Valimaki                                    60     1   2  2  
 2 Jake Bean                Dakota Mermis                                     40     1   2  2  

Penalty Kill 4 Players Forward 
   Center                   Wing                     Time % Phy DF OF 
 1 Zac Dalpe                Dale Weise               60     1   2  2  
 2 Joshua Ho-Sang           Martin Necas             40     1   2  2  

Penalty Kill 4 Players Defense
   Defense                  Defense                  Time % Phy DF OF 
 1 Dennis Cholowski         Juuso Valimaki           60     1   2  2  
 2 Jake Bean                Dakota Mermis            40     1   2  2  

Penalty Kill - 3 Players Forward 
   Forward                                           Time % Phy DF OF 
 1 Zac Dalpe                                         60     1   2  2  
 2 Dale Weise                                        40     1   2  2  

Penalty Kill - 3 Players Defense
   Defense                  Defense                  Time % Phy DF OF 
 1 Dennis Cholowski         Juuso Valimaki           60     1   2  2  
 2 Jake Bean                Dakota Mermis            40     1   2  2  

4 vs 4 Forward 
   Center                   Wing                     Time % Phy DF OF 
 1 Zac Dalpe                Dale Weise               60     1   2  2  
 2 Joshua Ho-Sang           Martin Necas             40     1   2  2  

4 vs 4 Defense
   Defense                  Defense                  Time % Phy DF OF 
 1 Dennis Cholowski         Juuso Valimaki           60     1   2  2  
 2 Jake Bean                Dakota Mermis            40     1   2  2  

Last Minutes Offensive
   Center                   Left Wing                Right Wing               Defense                  Defense                  
   Zac Dalpe                Joshua Ho-Sang           Dale Weise               Dennis Cholowski         Juuso Valimaki           

Last Minutes Defensive
   Center                   Left Wing                Right Wing               Defense                  Defense                  
   Zac Dalpe                Joshua Ho-Sang           Dale Weise               Dennis Cholowski         Juuso Valimaki           

Goaltenders
Starting : Oscar Dansk              
Backup : Unknown Goalie           

Extra Forwards
Normal : Dennis Yan, Ryan Kuffner, Lias Andersson - PP : Dennis Yan, Ryan Kuffner - PK : Lias Andersson
Extra Defensemen
Normal : Dean Kukan, Emil Johansson, Jake Bean - PP : Dean Kukan - PK : Emil Johansson, Jake Bean
Penalty Shots
Zac Dalpe, Dale Weise, Joshua Ho-Sang, Martin Necas, Lias Andersson

Scratches
Givani Smith (Healthy), Jon Martin (Healthy), Hudson Elynuik (Healthy), Alex Lyon (Healthy), Connor LaCouvee (Healthy)
Hunter Miska (Healthy), Ilya Samsonov (Healthy), Kevin Lankinen (Healthy)

% Time on Ice - Seattle Thunderbirds

Lines # - Real PCT - Wanted PCT - Time Play
Normal Forward
1 - 32% - 40% - 16:56
2 - 31% - 30% - 16:38
3 - 24% - 20% - 12:46
4 - 13% - 10% - 6:49
Normal Defense
1 - 39% - 40% - 20:39
2 - 28% - 30% - 14:49
3 - 20% - 20% - 10:33
4 - 13% - 10% - 7:08
PP Forward
1 - 59% - 60% - 2:21
2 - 41% - 40% - 1:37
PP Defense
1 - 55% - 60% - 2:11
2 - 45% - 40% - 1:47
PK Forward
1 - 74% - 60% - 1:31
2 - 26% - 40% - 0:32
PK Defense
1 - 50% - 60% - 1:01
2 - 50% - 40% - 1:02
PK3 Forward
1 - 0% - 60%
2 - 0% - 40%
PK3 Defense
1 - 0% - 60%
2 - 0% - 40%
44 Forward
1 - 0% - 60%
2 - 0% - 40%
44 Defense
1 - 0% - 60%
2 - 0% - 40%
Last Minute Offensive  - 0:50
Last Minute Defensive  - 0:00
Total
Forward - 60:00
Defense - 60:00

% Time on Ice - Philadelphia Phantoms

Lines # - Real PCT - Wanted PCT - Time Play
Normal Forward
1 - 32% - 40% - 17:15
2 - 32% - 30% - 16:56
3 - 23% - 20% - 12:26
4 - 12% - 10% - 6:33
Normal Defense
1 - 37% - 40% - 19:40
2 - 33% - 30% - 17:25
3 - 24% - 20% - 12:46
4 - 6% - 10% - 3:19
PP Forward
1 - 51% - 60% - 1:03
2 - 49% - 40% - 1:00
PP Defense
1 - 65% - 60% - 1:20
2 - 35% - 40% - 0:43
PK Forward
1 - 74% - 60% - 2:55
2 - 26% - 40% - 1:03
PK Defense
1 - 71% - 60% - 2:49
2 - 29% - 40% - 1:09
PK3 Forward
1 - 0% - 60%
2 - 0% - 40%
PK3 Defense
1 - 0% - 60%
2 - 0% - 40%
44 Forward
1 - 0% - 60%
2 - 0% - 40%
44 Defense
1 - 0% - 60%
2 - 0% - 40%
Last Minute Offensive  - 0:00
Last Minute Defensive  - 0:49
Total
Forward - 60:00
Defense - 60:00

Play-by-Play

1st period


0:01 of 1st period - Kevin Porter wins face-off versus Zac Dalpe in neutral zone.
0:16 of 1st period - Snap shot by Zac Dalpe.
0:16 of 1st period - Stopped by Mitch Gillam with a rebound.
0:54 of 1st period - Wrist shot by Max Veronneau.
0:54 of 1st period - Stopped by Mitch Gillam with a rebound.
1:08 of 1st period - Slapshot by Sam Carrick.
1:08 of 1st period - Stopped by Oscar Dansk with a rebound.
1:44 of 1st period - Icing by Dennis Cholowski.
1:45 of 1st period - Greg Carey wins face-off versus Lias Andersson in Philadelphia Phantoms zone.
1:50 of 1st period - Snap shot by T.J. Tynan.
1:50 of 1st period - Stopped by Oscar Dansk without a rebound.
1:51 of 1st period - Martin Necas wins face-off versus Sam Carrick in Philadelphia Phantoms zone.
2:00 of 1st period - Snap shot by Martin Necas.
2:00 of 1st period - Shot Blocked by Matt Irwin.
2:02 of 1st period - Slapshot by Dennis Cholowski.
2:02 of 1st period - Stopped by Mitch Gillam with a rebound.
2:04 of 1st period - Slapshot by Juuso Valimaki.
2:04 of 1st period - Stopped by Mitch Gillam with a rebound.
2:18 of 1st period - Wrist shot by Peter Cehlarik.
2:18 of 1st period - Shot Blocked by Dennis Cholowski.
2:20 of 1st period - Slapshot by Matt Tennyson.
2:20 of 1st period - Shot Blocked by Dennis Cholowski.
2:44 of 1st period - Snap shot by A.J. Greer.
2:44 of 1st period - Shot Misses the Net.
2:46 of 1st period - Snap shot by A.J. Greer.
2:46 of 1st period - Stopped by Mitch Gillam with a rebound.
3:20 of 1st period - Snap shot by Sam Carrick.
3:20 of 1st period - Stopped by Oscar Dansk with a rebound.
3:22 of 1st period - Snap shot by Sam Carrick.
3:22 of 1st period - Stopped by Oscar Dansk without a rebound.
3:23 of 1st period - German Rubtsov wins face-off versus Brooks Macek in Philadelphia Phantoms zone.
3:30 of 1st period - Snap shot by Peter Cehlarik.
3:30 of 1st period - Deflect By Sam Carrick.
3:30 of 1st period - Shot Misses the Net.
3:30 of 1st period - Puck is out of play.
3:31 of 1st period - Stefan Noesen wins face-off versus Zac Dalpe in Philadelphia Phantoms zone.
4:04 of 1st period - Wrist shot by T.J. Tynan.
4:04 of 1st period - Shot Blocked by Dean Kukan.
4:06 of 1st period - Snap shot by Matt Read.
4:06 of 1st period - Shot Misses the Net.
4:46 of 1st period - Snap shot by Zac Dalpe.
4:46 of 1st period - Stopped by Mitch Gillam without a rebound.
4:47 of 1st period - Kevin Porter wins face-off versus Martin Necas in Seattle Thunderbirds zone.
5:13 of 1st period - Icing by Juuso Valimaki.
5:14 of 1st period - Zac Dalpe wins face-off versus T.J. Tynan in Philadelphia Phantoms zone.
5:56 of 1st period - Wrist shot by Joshua Ho-Sang.
5:56 of 1st period - Stopped by Mitch Gillam with a rebound.
6:02 of 1st period - Dakota Mermis is hit by Matt Irwin and loses puck.
6:35 of 1st period - Snap shot by Zac Dalpe.
6:35 of 1st period - Stopped by Mitch Gillam with a rebound.
6:37 of 1st period - Snap shot by Zac Dalpe.
6:37 of 1st period - Shot Misses the Net.
6:39 of 1st period - Slapshot by Jake Bean.
6:39 of 1st period - Shot Misses the Net.
6:41 of 1st period - Slapshot by Zac Dalpe.
6:41 of 1st period - Stopped by Mitch Gillam with a rebound.
6:53 of 1st period - Snap shot by Joshua Ho-Sang.
6:53 of 1st period - Stopped by Mitch Gillam without a rebound.
6:54 of 1st period - Kevin Porter wins face-off versus Martin Necas in Seattle Thunderbirds zone.
6:54 of 1st period - Kevin Porter is hit by Dennis Cholowski.
8:07 of 1st period - Kevin Porter is hit by Dryden Hunt and loses puck.
8:22 of 1st period - Snap shot by Logan Brown.
8:22 of 1st period - Stopped by Oscar Dansk with a rebound.
8:35 of 1st period - Minor Penalty to Logan Brown for Tripping.
8:36 of 1st period - Greg Carey wins face-off versus Max Veronneau in Seattle Thunderbirds zone.
9:52 of 1st period - Brett Sutter is hit by Warren Foegele and loses puck.
10:35 of 1st period - Penalty to Logan Brown is over, Logan Brown is back on ice.
10:39 of 1st period - Wrist shot by Logan Brown.
10:39 of 1st period - Stopped by Oscar Dansk with a rebound.
12:34 of 1st period - Icing by Martin Necas.
12:35 of 1st period - Martin Necas wins face-off versus Greg Carey in Philadelphia Phantoms zone.
12:35 of 1st period - Martin Necas is hit by Matt Read.
12:47 of 1st period - Juuso Valimaki is hit by Logan Stanley and loses puck.
13:06 of 1st period - Brooks Macek is hit by German Rubtsov and loses puck.
13:15 of 1st period - Snap shot by Peter Cehlarik.
13:15 of 1st period - Stopped by Oscar Dansk with a rebound.
13:41 of 1st period - Snap shot by Logan Brown.
13:41 of 1st period - Stopped by Oscar Dansk without a rebound.
13:42 of 1st period - Logan Brown wins face-off versus Zac Dalpe in Philadelphia Phantoms zone.
13:49 of 1st period - Wrist shot by Brett Sutter.
13:49 of 1st period - Stopped by Oscar Dansk with a rebound.
13:57 of 1st period - Minor Penalty to Emil Johansson for Roughing.
13:58 of 1st period - Kevin Porter wins face-off versus Zac Dalpe in Philadelphia Phantoms zone.
13:59 of 1st period - Snap shot by Stefan Noesen.
13:59 of 1st period - Deflect By Josh Leivo.
13:59 of 1st period - Stopped by Oscar Dansk with a rebound.
15:12 of 1st period - Matt Read is hit by Juuso Valimaki and loses puck.
15:57 of 1st period - Penalty to Emil Johansson is over, Emil Johansson is back on ice.
16:06 of 1st period - Snap shot by Brooks Macek.
16:06 of 1st period - Deflect By Peter Cehlarik.
16:06 of 1st period - Shot Misses the Net.
16:06 of 1st period - Puck is out of play.
16:07 of 1st period - Sam Carrick wins face-off versus Lias Andersson in Philadelphia Phantoms zone.
16:10 of 1st period - Snap shot by Sam Carrick.
16:10 of 1st period - Stopped by Oscar Dansk with a rebound.
16:49 of 1st period - Snap shot by Warren Foegele.
16:49 of 1st period - Shot Misses the Net.
16:51 of 1st period - Wrist shot by Dale Weise.
16:51 of 1st period - Shot Misses the Net.
17:16 of 1st period - Jacob MacDonald is hit by Juuso Valimaki and loses puck.
17:50 of 1st period - Slapshot by Martin Necas.
17:50 of 1st period - Shot Misses the Net.
18:37 of 1st period - Icing by A.J. Greer.
18:38 of 1st period - Lias Andersson wins face-off versus Kevin Porter in Philadelphia Phantoms zone.
19:04 of 1st period - Wrist shot by Joshua Ho-Sang.
19:04 of 1st period - Shot Misses the Net.
19:06 of 1st period - Snap shot by Joshua Ho-Sang.
19:06 of 1st period - Goal by Joshua Ho-Sang - Seattle Thunderbirds : 0 - Philadelphia Phantoms : 1.
19:07 of 1st period - Greg Carey wins face-off versus Zac Dalpe in neutral zone.
Goals for this period are 0 for Seattle Thunderbirds vs 1 for Philadelphia Phantoms.
Shots for this period are 11 for Seattle Thunderbirds vs 11 for Philadelphia Phantoms.

2nd period


0:01 of 2nd period - Kevin Porter wins face-off versus Zac Dalpe in neutral zone.
0:27 of 2nd period - Juuso Valimaki is hit by T.J. Tynan and loses puck.
0:32 of 2nd period - Snap shot by Greg Carey.
0:32 of 2nd period - Stopped by Oscar Dansk with a rebound.
0:34 of 2nd period - Wrist shot by Greg Carey.
0:34 of 2nd period - Goal by Greg Carey - Seattle Thunderbirds : 1 - Philadelphia Phantoms : 1.
0:35 of 2nd period - Kevin Porter wins face-off versus Joshua Ho-Sang in neutral zone.
0:45 of 2nd period - Slapshot by Zac Dalpe.
0:45 of 2nd period - Shot Misses the Net.
0:49 of 2nd period - Wrist shot by Joshua Ho-Sang.
0:49 of 2nd period - Shot Blocked by Stefan Noesen.
0:51 of 2nd period - Slapshot by Juuso Valimaki.
0:51 of 2nd period - Stopped by Mitch Gillam without a rebound.
0:52 of 2nd period - Greg Carey wins face-off versus Martin Necas in Seattle Thunderbirds zone.
0:52 of 2nd period - Greg Carey is hit by Martin Necas.
1:25 of 2nd period - Wrist shot by Josh Leivo.
1:25 of 2nd period - Shot Blocked by Dennis Cholowski.
1:27 of 2nd period - Snap shot by Matt Irwin.
1:27 of 2nd period - Deflect By Kevin Porter.
1:27 of 2nd period - Stopped by Oscar Dansk without a rebound.
1:28 of 2nd period - Zac Dalpe wins face-off versus Greg Carey in Philadelphia Phantoms zone.
1:28 of 2nd period - Joshua Ho-Sang is hit by T.J. Tynan and loses puck.
1:59 of 2nd period - Wrist shot by Lias Andersson.
1:59 of 2nd period - Shot Misses the Net.
2:01 of 2nd period - Snap shot by A.J. Greer.
2:01 of 2nd period - Deflect By Dryden Hunt.
2:01 of 2nd period - Shot Misses the Net.
2:01 of 2nd period - Puck is out of play.
2:02 of 2nd period - Zac Dalpe wins face-off versus Josh Leivo in Seattle Thunderbirds zone.
2:11 of 2nd period - Snap shot by Joshua Ho-Sang.
2:11 of 2nd period - Shot Blocked by Josh Leivo.
2:29 of 2nd period - Peter Cehlarik is hit by Martin Necas and loses puck.
2:55 of 2nd period - Snap shot by German Rubtsov.
2:55 of 2nd period - Shot Misses the Net.
2:57 of 2nd period - Wrist shot by German Rubtsov.
2:57 of 2nd period - Goal by German Rubtsov - Seattle Thunderbirds : 1 - Philadelphia Phantoms : 2.
2:58 of 2nd period - Zac Dalpe wins face-off versus Kevin Porter in neutral zone.
4:06 of 2nd period - Off-side.
4:07 of 2nd period - German Rubtsov wins face-off versus Sam Carrick in neutral zone.
4:40 of 2nd period - Wrist shot by Max Veronneau.
4:40 of 2nd period - Shot Misses the Net.
4:42 of 2nd period - Slapshot by Martin Necas.
4:42 of 2nd period - Shot Blocked by Logan Stanley.
4:44 of 2nd period - Wrist shot by Martin Necas.
4:44 of 2nd period - Shot Hit the Post.
5:26 of 2nd period - Slapshot by Greg Carey.
5:26 of 2nd period - Deflect By Matt Read.
5:26 of 2nd period - Stopped by Oscar Dansk with a rebound.
5:28 of 2nd period - Slapshot by Greg Carey.
5:28 of 2nd period - Shot Misses the Net.
5:30 of 2nd period - Backhand shot by Matt Read.
5:30 of 2nd period - Stopped by Oscar Dansk with a rebound.
5:52 of 2nd period - Wrist shot by Matt Read.
5:52 of 2nd period - Shot Misses the Net.
5:54 of 2nd period - Slapshot by Joey LaLeggia.
5:54 of 2nd period - Stopped by Oscar Dansk without a rebound.
5:55 of 2nd period - Martin Necas wins face-off versus Kevin Porter in Philadelphia Phantoms zone.
6:10 of 2nd period - Slapshot by Dennis Cholowski.
6:10 of 2nd period - Shot Misses the Net.
6:47 of 2nd period - Matt Irwin is hit by A.J. Greer and loses puck.
7:06 of 2nd period - Snap shot by German Rubtsov.
7:06 of 2nd period - Stopped by Mitch Gillam with a rebound.
7:36 of 2nd period - Dryden Hunt is hit by Logan Brown and loses puck.
8:33 of 2nd period - Snap shot by Ty Lewis.
8:33 of 2nd period - Shot Blocked by Peter Cehlarik.
9:24 of 2nd period - Wrist shot by Joshua Ho-Sang.
9:24 of 2nd period - Stopped by Mitch Gillam without a rebound.
9:25 of 2nd period - Zac Dalpe wins face-off versus Greg Carey in Seattle Thunderbirds zone.
10:05 of 2nd period - Dakota Mermis is hit by Stefan Noesen and loses puck.
10:14 of 2nd period - Kevin Porter is hit by Warren Foegele and loses puck.
10:54 of 2nd period - Slapshot by Dryden Hunt.
10:54 of 2nd period - Stopped by Mitch Gillam without a rebound.
10:55 of 2nd period - Kevin Porter wins face-off versus Lias Andersson in Seattle Thunderbirds zone.
11:02 of 2nd period - Slapshot by Josh Leivo.
11:02 of 2nd period - Shot Blocked by Dryden Hunt.
11:06 of 2nd period - Slapshot by Stefan Noesen.
11:06 of 2nd period - Shot Blocked by Juuso Valimaki.
11:16 of 2nd period - Minor Penalty to A.J. Greer for Boarding.
11:17 of 2nd period - Zac Dalpe wins face-off versus Kevin Porter in Philadelphia Phantoms zone.
11:22 of 2nd period - Yannick Weber is hit by Dennis Cholowski and loses puck.
11:49 of 2nd period - Slapshot by Matt Read.
11:49 of 2nd period - Stopped by Oscar Dansk without a rebound.
11:50 of 2nd period - Kevin Porter wins face-off versus Joshua Ho-Sang in Philadelphia Phantoms zone.
12:06 of 2nd period - Off-side.
12:07 of 2nd period - Zac Dalpe wins face-off versus Greg Carey in neutral zone.
12:36 of 2nd period - Slapshot by Stefan Noesen.
12:36 of 2nd period - Deflect By Josh Leivo.
12:36 of 2nd period - Stopped by Oscar Dansk with a rebound.
12:38 of 2nd period - Snap shot by Josh Leivo.
12:38 of 2nd period - Stopped by Oscar Dansk with a rebound.
13:16 of 2nd period - Penalty to A.J. Greer is over, A.J. Greer is back on ice.
14:29 of 2nd period - Icing by Dryden Hunt.
14:30 of 2nd period - Sam Carrick wins face-off versus Lias Andersson in Philadelphia Phantoms zone.
14:39 of 2nd period - Snap shot by Brooks Macek.
14:39 of 2nd period - Goal by Brooks Macek - Seattle Thunderbirds : 2 - Philadelphia Phantoms : 2.
14:40 of 2nd period - Kevin Porter wins face-off versus Joshua Ho-Sang in neutral zone.
15:10 of 2nd period - Slapshot by Greg Carey.
15:10 of 2nd period - Stopped by Oscar Dansk with a rebound.
16:25 of 2nd period - Snap shot by Max Veronneau.
16:25 of 2nd period - Shot Blocked by Logan Brown.
16:27 of 2nd period - Snap shot by Warren Foegele.
16:27 of 2nd period - Stopped by Mitch Gillam with a rebound.
16:41 of 2nd period - Snap shot by Sam Carrick.
16:41 of 2nd period - Shot Misses the Net.
16:43 of 2nd period - Snap shot by Sam Carrick.
16:43 of 2nd period - Shot Misses the Net.
16:45 of 2nd period - Snap shot by Sam Carrick.
16:45 of 2nd period - Shot Blocked by Dennis Cholowski.
17:14 of 2nd period - Max Veronneau is hit by Stefan Noesen and loses puck.
17:31 of 2nd period - Backhand shot by Sam Carrick.
17:31 of 2nd period - Shot Blocked by Jake Bean.
18:44 of 2nd period - Warren Foegele is hit by Josh Leivo and loses puck.
19:15 of 2nd period - Wrist shot by T.J. Tynan.
19:15 of 2nd period - Stopped by Oscar Dansk without a rebound.
19:16 of 2nd period - Sam Carrick wins face-off versus Lias Andersson in Philadelphia Phantoms zone.
19:19 of 2nd period - Wrist shot by Sam Carrick.
19:19 of 2nd period - Deflect By Peter Cehlarik.
19:19 of 2nd period - Goal by Peter Cehlarik - Seattle Thunderbirds : 3 - Philadelphia Phantoms : 2.
19:20 of 2nd period - Kevin Porter wins face-off versus Zac Dalpe in neutral zone.
19:46 of 2nd period - Snap shot by Warren Foegele.
19:46 of 2nd period - Shot Blocked by Yannick Weber.
Goals for this period are 3 for Seattle Thunderbirds vs 1 for Philadelphia Phantoms.
Shots for this period are 13 for Seattle Thunderbirds vs 6 for Philadelphia Phantoms.

3rd period


0:01 of 3rd period - Stefan Noesen wins face-off versus Zac Dalpe in neutral zone.
0:36 of 3rd period - Wrist shot by Martin Necas.
0:36 of 3rd period - Deflect By Warren Foegele.
0:36 of 3rd period - Goal by Warren Foegele - Seattle Thunderbirds : 3 - Philadelphia Phantoms : 3.
0:37 of 3rd period - Zac Dalpe wins face-off versus Kevin Porter in neutral zone.
0:42 of 3rd period - Josh Leivo is hit by Juuso Valimaki and loses puck.
1:35 of 3rd period - Snap shot by Peter Cehlarik.
1:35 of 3rd period - Stopped by Oscar Dansk with a rebound.
1:37 of 3rd period - Snap shot by Brooks Macek.
1:37 of 3rd period - Shot Blocked by Jake Bean.
1:56 of 3rd period - Joshua Ho-Sang is hit by Brett Sutter and loses puck.
5:28 of 3rd period - Josh Leivo is hit by Emil Johansson and loses puck.
6:14 of 3rd period - Matt Read is hit by Warren Foegele and loses puck.
7:04 of 3rd period - Snap shot by German Rubtsov.
7:04 of 3rd period - Shot Misses the Net.
7:10 of 3rd period - Joey LaLeggia is hit by Ty Lewis and loses puck.
7:53 of 3rd period - Snap shot by Max Veronneau.
7:53 of 3rd period - Deflect By Warren Foegele.
7:53 of 3rd period - Stopped by Mitch Gillam with a rebound.
9:00 of 3rd period - Icing by Dennis Cholowski.
9:01 of 3rd period - Greg Carey wins face-off versus Lias Andersson in Philadelphia Phantoms zone.
9:25 of 3rd period - Wrist shot by Josh Leivo.
9:25 of 3rd period - Shot Blocked by Martin Necas.
9:27 of 3rd period - Snap shot by Matt Irwin.
9:27 of 3rd period - Stopped by Oscar Dansk without a rebound.
9:28 of 3rd period - Zac Dalpe wins face-off versus Kevin Porter in Philadelphia Phantoms zone.
9:28 of 3rd period - Zac Dalpe is hit by Stefan Noesen.
9:36 of 3rd period - Snap shot by Joshua Ho-Sang.
9:36 of 3rd period - Stopped by Mitch Gillam with a rebound.
9:38 of 3rd period - Slapshot by Emil Johansson.
9:38 of 3rd period - Stopped by Mitch Gillam without a rebound.
9:39 of 3rd period - Zac Dalpe wins face-off versus Kevin Porter in Seattle Thunderbirds zone.
10:08 of 3rd period - Snap shot by Sam Carrick.
10:08 of 3rd period - Shot Blocked by Dale Weise.
10:10 of 3rd period - Slapshot by Sam Carrick.
10:10 of 3rd period - Shot Blocked by Dennis Cholowski.
10:16 of 3rd period - Snap shot by Brooks Macek.
10:16 of 3rd period - Stopped by Oscar Dansk with a rebound.
10:26 of 3rd period - Warren Foegele is hit by T.J. Tynan and loses puck.
10:33 of 3rd period - Snap shot by Matt Read.
10:33 of 3rd period - Deflect By Greg Carey.
10:33 of 3rd period - Shot Misses the Net.
10:33 of 3rd period - Puck is out of play.
10:34 of 3rd period - Kevin Porter wins face-off versus Martin Necas in Philadelphia Phantoms zone.
10:44 of 3rd period - Jake Bean and Kevin Porter fight to a draw.
10:44 of 3rd period - Penalty to Jake Bean for Fighting.
10:44 of 3rd period - Penalty to Kevin Porter for Fighting.
10:45 of 3rd period - Zac Dalpe wins face-off versus Emil Pettersson in Philadelphia Phantoms zone.
11:00 of 3rd period - Dennis Cholowski is hit by Jacob MacDonald and loses puck.
11:35 of 3rd period - Snap shot by Juuso Valimaki.
11:35 of 3rd period - Shot Misses the Net.
11:37 of 3rd period - Slapshot by Dennis Cholowski.
11:37 of 3rd period - Deflect By A.J. Greer.
11:37 of 3rd period - Stopped by Mitch Gillam with a rebound.
11:39 of 3rd period - Wrist shot by Dryden Hunt.
11:39 of 3rd period - Stopped by Mitch Gillam with a rebound.
11:41 of 3rd period - Slapshot by Juuso Valimaki.
11:41 of 3rd period - Deflect By Lias Andersson.
11:41 of 3rd period - Shot Blocked by Brett Sutter.
11:41 of 3rd period - Puck is out of play.
11:42 of 3rd period - Emil Pettersson wins face-off versus Zac Dalpe in Seattle Thunderbirds zone.
12:06 of 3rd period - Yannick Weber is hit by Martin Necas and loses puck.
12:13 of 3rd period - Snap shot by T.J. Tynan.
12:13 of 3rd period - Shot Misses the Net.
12:49 of 3rd period - Snap shot by Zac Dalpe.
12:49 of 3rd period - Shot Misses the Net.
12:51 of 3rd period - Snap shot by Zac Dalpe.
12:51 of 3rd period - Shot Misses the Net.
12:53 of 3rd period - Slapshot by Juuso Valimaki.
12:53 of 3rd period - Stopped by Mitch Gillam without a rebound.
12:54 of 3rd period - Greg Carey wins face-off versus Zac Dalpe in Seattle Thunderbirds zone.
13:21 of 3rd period - Slapshot by Josh Leivo.
13:21 of 3rd period - Stopped by Oscar Dansk with a rebound.
13:43 of 3rd period - Snap shot by Lias Andersson.
13:43 of 3rd period - Stopped by Mitch Gillam with a rebound.
14:17 of 3rd period - Yannick Weber is hit by Warren Foegele and loses puck.
14:32 of 3rd period - Stefan Noesen is hit by Zac Dalpe and loses puck.
15:00 of 3rd period - Slapshot by Matt Irwin.
15:00 of 3rd period - Deflect By Brett Sutter.
15:00 of 3rd period - Stopped by Oscar Dansk without a rebound.
15:01 of 3rd period - Logan Brown wins face-off versus Martin Necas in Philadelphia Phantoms zone.
15:02 of 3rd period - Wrist shot by Brett Sutter.
15:02 of 3rd period - Stopped by Oscar Dansk without a rebound.
15:03 of 3rd period - Martin Necas wins face-off versus Logan Brown in Philadelphia Phantoms zone.
15:18 of 3rd period - Snap shot by Logan Brown.
15:18 of 3rd period - Deflect By Brooks Macek.
15:18 of 3rd period - Shot Misses the Net.
15:18 of 3rd period - Puck is out of play.
15:19 of 3rd period - Emil Pettersson wins face-off versus Zac Dalpe in Philadelphia Phantoms zone.
15:22 of 3rd period - Snap shot by Stefan Noesen.
15:22 of 3rd period - Stopped by Oscar Dansk with a rebound.
15:24 of 3rd period - Slapshot by Yannick Weber.
15:24 of 3rd period - Stopped by Oscar Dansk with a rebound.
15:26 of 3rd period - Slapshot by Yannick Weber.
15:26 of 3rd period - Stopped by Oscar Dansk with a rebound.
16:35 of 3rd period - Snap shot by Lias Andersson.
16:35 of 3rd period - Shot Misses the Net.
16:37 of 3rd period - Backhand shot by Juuso Valimaki.
16:37 of 3rd period - Deflect By Dryden Hunt.
16:37 of 3rd period - Shot Misses the Net.
16:37 of 3rd period - Puck is out of play.
16:38 of 3rd period - Martin Necas wins face-off versus Greg Carey in Seattle Thunderbirds zone.
16:39 of 3rd period - Snap shot by Max Veronneau.
16:39 of 3rd period - Stopped by Mitch Gillam without a rebound.
16:40 of 3rd period - Greg Carey wins face-off versus Martin Necas in Seattle Thunderbirds zone.
16:53 of 3rd period - Dakota Mermis is hit by Matt Read and loses puck.
17:40 of 3rd period - Brooks Macek is hit by Lias Andersson.
18:04 of 3rd period - Minor Penalty to T.J. Tynan for Holding Stick.
18:05 of 3rd period - Zac Dalpe wins face-off versus Kevin Porter in Seattle Thunderbirds zone.
18:08 of 3rd period - Wrist shot by Zac Dalpe.
18:08 of 3rd period - Goal by Zac Dalpe - Seattle Thunderbirds : 3 - Philadelphia Phantoms : 4.
18:09 of 3rd period - Kevin Porter wins face-off versus Zac Dalpe in neutral zone.
18:18 of 3rd period - Wrist shot by Josh Leivo.
18:18 of 3rd period - Shot Misses the Net.
18:20 of 3rd period - Slapshot by Jacob MacDonald.
18:20 of 3rd period - Deflect By Stefan Noesen.
18:20 of 3rd period - Shot Misses the Net.
18:20 of 3rd period - Puck is out of play.
18:21 of 3rd period - Kevin Porter wins face-off versus Zac Dalpe in Philadelphia Phantoms zone.
18:56 of 3rd period - Snap shot by Greg Carey.
18:56 of 3rd period - Stopped by Oscar Dansk with a rebound.
19:04 of 3rd period - Seattle Thunderbirds, Mitch Gillam is pulled from the net.
19:29 of 3rd period - Off-side.
19:30 of 3rd period - Dave Hakstol call a timeout for Seattle Thunderbirds.
19:30 of 3rd period - Kevin Porter wins face-off versus Zac Dalpe in neutral zone.
19:33 of 3rd period - Wrist shot by Stefan Noesen.
19:33 of 3rd period - Stopped by Oscar Dansk with a rebound.
19:45 of 3rd period - Snap shot by Joshua Ho-Sang.
19:45 of 3rd period - Shot Misses the Net.
19:47 of 3rd period - Wrist shot by Joshua Ho-Sang.
19:47 of 3rd period - Shot Misses the Net.
19:49 of 3rd period - Snap shot by Zac Dalpe.
19:49 of 3rd period - Goal by Zac Dalpe - Seattle Thunderbirds : 3 - Philadelphia Phantoms : 5.
19:49 of 3rd period - Mitch Gillam from Seattle Thunderbirds was sent back in the game.
19:50 of 3rd period - Martin Necas wins face-off versus Greg Carey in neutral zone.
Goals for this period are 0 for Seattle Thunderbirds vs 3 for Philadelphia Phantoms.
Shots for this period are 11 for Seattle Thunderbirds vs 11 for Philadelphia Phantoms.